Map: Port Aleksander LE

Players

Qwaky

  • Race: Terran Terran
  • League: Master
  • Spawn Location: 11:00

mikka - Winner!

  • Race: Zerg Zerg
  • League: Diamond
  • Spawn Location: 5:00

VOD

Have the link to the VOD?

Description

fast nydus queen roach unloading on T production in 4:27 min

Time

  • Played on: Feb. 16, 2019, 1:18 p.m.
  • Length: 6:34
Show
View Real Time Build Order
Export as new Build Order

Qwaky Terran 

Build Orders: Reaper Expand, Banshee Rush 

Get SALT Encoding   

  12  0:01  SCV  
  13  0:13  SCV  
  14  0:18  Supply Depot  
  14  0:25  SCV  
  15  0:39  SCV  
  15  0:41  Barracks  
  16  0:47  Refinery  
  16  0:52  SCV  
  17  1:04  SCV  
  18  1:16  SCV  
  19  1:28  Orbital Command  
  19  1:31  Reaper  
  20  1:44  Command Center  
  20  1:53  Supply Depot  
  20  1:55  SCV  
  21  2:02  Marine  
  21  2:07  SCV  
  23  2:18  Factory  
  23  2:19  SCV  
  24  2:25  Barracks Reactor  
  24  2:32  SCV  
  25  2:44  SCV  
  26  2:54  Refinery  
  26  2:56  SCV  
  27  2:58  Orbital Command  
  27  3:06  Starport  
  27  3:12  SCV, Hellion  
  32  3:13  Hellion  
  32  3:21  Barracks Tech Lab  
  32  3:25  SCV x2  
  32  3:26  Supply Depot  
  34  3:37  SCV  
  34  3:38  SCV, Hellion x2  
  39  3:48  Barracks  
  39  3:49  SCV  
  39  3:50  SCV  
  39  3:51  Supply Depot  
  39  3:53  Banshee  
  44  3:55  Marine  
  44  3:57  Cloaking Field  
  44  4:02  Widow Mine  
  47  4:04  SCV x2  
  49  4:10  Supply Depot  
  49  4:13  Marine  
  50  4:20  Widow Mine  
  50  4:22  SCV  
  50  4:23  SCV  
  54  4:31  Marine  
  52  4:37  Banshee  
  54  4:44  SCV x2  
  52  4:47  Marine  
  52  4:48  Widow Mine  
  52  4:49  Marine  
  48  4:55  Command Center  
  48  4:56  SCV x2  
  45  5:05  Marine  
  45  5:07  Marine  
  31  5:20  Banshee  
  30  5:21  SCV  
  30  5:22  SCV  
  30  5:23  Marine  
  28  5:32  Marine  
  23  5:39  SCV  
  16  5:46  Marine  
  17  5:54  Marine  
  15  5:59  SCV  
  12  6:11  SCV  
Show
View Real Time Build Order
Export as new Build Order

mikka Zerg - Winner!

Build Orders: Hatch First, Roach Nydus 

Get SALT Encoding   

  12  0:01  Drone  
  13  0:12  Overlord  
  13  0:18  Drone  
  14  0:30  Drone  
  14  0:31  Drone  
  14  0:34  Drone  
  17  0:56  Drone  
  18  0:57  Hatchery  
  18  1:00  Drone  
  18  1:11  Extractor  
  17  1:16  Spawning Pool  
  16  1:19  Drone  
  16  1:23  Drone  
  18  1:28  Drone  
  19  1:40  Overlord  
  19  1:57  Drone  
  20  2:05  Roach Warren  
  20  2:07  Zergling x2  
  22  2:11  Queen  
  22  2:15  Zergling x2  
  25  2:22  Extractor  
  24  2:27  Lair  
  22  2:34  Spore Crawler  
  21  2:38  Drone  
  21  2:39  Drone  
  21  2:40  Drone x2  
  25  2:46  Drone x2  
  25  2:49  Drone  
  28  3:08  Roach x3  
  34  3:27  Nydus Network, Queen  
  34  3:33  Overlord x2  
  35  3:48  Overlord  
  35  3:51  Queen  
  39  3:55  Roach  
  39  3:56  Roach  
  41  4:05  Roach  
  41  4:06  Roach  
  41  4:08  Roach  
  47  4:12  Nydus Canal  
  47  4:15  Roach  
  49  4:20  Roach  
  51  4:29  Roach  
  53  4:34  Roach x2  
  56  4:38  Roach  
  58  4:46  Roach  
  58  4:52  Roach  
  60  4:58  Roach  
  60  5:06  Roach  
  60  5:10  Nydus Canal  
  58  5:19  Roach  
  60  5:23  Roach  
  60  5:26  Drone x2  
  58  5:33  Roach  
  56  5:36  Roach  
  56  5:40  Spore Crawler  
  56  5:41  Spore Crawler  
  52  5:45  Roach  
  50  5:50  Roach  
  50  5:56  Roach  
  50  6:00  Spore Crawler  
  50  6:01  Spore Crawler  
  50  6:03  Roach  
  49  6:10  Roach  
  48  6:14  Drone x3  
Tags
 
Add a new tag
Caveats
  • Supply blocks, unpowered buildings, or Contaminate may cause inaccurate times.
  • Supply counts are checked every 10 seconds.